%YAML 1.1
%TAG !u! tag:unity3d.com,2011:
--- !u!1 &8987349457875259223
GameObject:
  m_ObjectHideFlags: 0
  m_CorrespondingSourceObject: {fileID: 0}
  m_PrefabInstance: {fileID: 0}
  m_PrefabAsset: {fileID: 0}
  serializedVersion: 6
  m_Component:
  - component: {fileID: 1118157327683596244}
  m_Layer: 0
  m_Name: CentrePiece
  m_TagString: Untagged
  m_Icon: {fileID: 0}
  m_NavMeshLayer: 0
  m_StaticEditorFlags: 0
  m_IsActive: 1
--- !u!4 &1118157327683596244
Transform:
  m_ObjectHideFlags: 0
  m_CorrespondingSourceObject: {fileID: 0}
  m_PrefabInstance: {fileID: 0}
  m_PrefabAsset: {fileID: 0}
  m_GameObject: {fileID: 8987349457875259223}
  m_LocalRotation: {x: 0, y: 0, z: 0, w: 1}
  m_LocalPosition: {x: 1.3882394, y: 0.11386013, z: 1.062717}
  m_LocalScale: {x: 1, y: 1, z: 1}
  m_Children:
  - {fileID: 5476307512836773937}
  - {fileID: 5476307513422195638}
  - {fileID: 5476307513568050256}
  m_Father: {fileID: 0}
  m_RootOrder: 0
  m_LocalEulerAnglesHint: {x: 0, y: 0, z: 0}
--- !u!1001 &6781674312494288728
PrefabInstance:
  m_ObjectHideFlags: 0
  serializedVersion: 2
  m_Modification:
    m_TransformParent: {fileID: 1118157327683596244}
    m_Modifications:
    - target: {fileID: 1576990427241600873, guid: f69da3c64da72b34daba3bb566837d3f,
        type: 3}
      propertyPath: m_LocalPosition.x
      value: -3.6082394
      objectReference: {fileID: 0}
    - target: {fileID: 1576990427241600873, guid: f69da3c64da72b34daba3bb566837d3f,
        type: 3}
      propertyPath: m_LocalPosition.y
      value: -0.6975641
      objectReference: {fileID: 0}
    - target: {fileID: 1576990427241600873, guid: f69da3c64da72b34daba3bb566837d3f,
        type: 3}
      propertyPath: m_LocalPosition.z
      value: -0.38850045
      objectReference: {fileID: 0}
    - target: {fileID: 1576990427241600873, guid: f69da3c64da72b34daba3bb566837d3f,
        type: 3}
      propertyPath: m_LocalRotation.x
      value: -0
      objectReference: {fileID: 0}
    - target: {fileID: 1576990427241600873, guid: f69da3c64da72b34daba3bb566837d3f,
        type: 3}
      propertyPath: m_LocalRotation.y
      value: -0
      objectReference: {fileID: 0}
    - target: {fileID: 1576990427241600873, guid: f69da3c64da72b34daba3bb566837d3f,
        type: 3}
      propertyPath: m_LocalRotation.z
      value: -0
      objectReference: {fileID: 0}
    - target: {fileID: 1576990427241600873, guid: f69da3c64da72b34daba3bb566837d3f,
        type: 3}
      propertyPath: m_LocalRotation.w
      value: 1
      objectReference: {fileID: 0}
    - target: {fileID: 1576990427241600873, guid: f69da3c64da72b34daba3bb566837d3f,
        type: 3}
      propertyPath: m_RootOrder
      value: 0
      objectReference: {fileID: 0}
    - target: {fileID: 1576990427241600873, guid: f69da3c64da72b34daba3bb566837d3f,
        type: 3}
      propertyPath: m_LocalEulerAnglesHint.x
      value: 0
      objectReference: {fileID: 0}
    - target: {fileID: 1576990427241600873, guid: f69da3c64da72b34daba3bb566837d3f,
        type: 3}
      propertyPath: m_LocalEulerAnglesHint.y
      value: 0
      objectReference: {fileID: 0}
    - target: {fileID: 1576990427241600873, guid: f69da3c64da72b34daba3bb566837d3f,
        type: 3}
      propertyPath: m_LocalEulerAnglesHint.z
      value: 0
      objectReference: {fileID: 0}
    - target: {fileID: 1576990427241600874, guid: f69da3c64da72b34daba3bb566837d3f,
        type: 3}
      propertyPath: m_Name
      value: TabouretBox
      objectReference: {fileID: 0}
    m_RemovedComponents: []
  m_SourcePrefab: {fileID: 100100000, guid: f69da3c64da72b34daba3bb566837d3f, type: 3}
--- !u!4 &5476307512836773937 stripped
Transform:
  m_CorrespondingSourceObject: {fileID: 1576990427241600873, guid: f69da3c64da72b34daba3bb566837d3f,
    type: 3}
  m_PrefabInstance: {fileID: 6781674312494288728}
  m_PrefabAsset: {fileID: 0}
--- !u!1001 &8706064937728202916
PrefabInstance:
  m_ObjectHideFlags: 0
  serializedVersion: 2
  m_Modification:
    m_TransformParent: {fileID: 1118157327683596244}
    m_Modifications:
    - target: {fileID: 3687857949662995700, guid: 379b6736eb8538545b6b54aefa537b06,
        type: 3}
      propertyPath: m_LocalPosition.x
      value: -2.8062394
      objectReference: {fileID: 0}
    - target: {fileID: 3687857949662995700, guid: 379b6736eb8538545b6b54aefa537b06,
        type: 3}
      propertyPath: m_LocalPosition.y
      value: -0.11986013
      objectReference: {fileID: 0}
    - target: {fileID: 3687857949662995700, guid: 379b6736eb8538545b6b54aefa537b06,
        type: 3}
      propertyPath: m_LocalPosition.z
      value: -1.511717
      objectReference: {fileID: 0}
    - target: {fileID: 3687857949662995700, guid: 379b6736eb8538545b6b54aefa537b06,
        type: 3}
      propertyPath: m_LocalRotation.x
      value: -0
      objectReference: {fileID: 0}
    - target: {fileID: 3687857949662995700, guid: 379b6736eb8538545b6b54aefa537b06,
        type: 3}
      propertyPath: m_LocalRotation.y
      value: -0.3758052
      objectReference: {fileID: 0}
    - target: {fileID: 3687857949662995700, guid: 379b6736eb8538545b6b54aefa537b06,
        type: 3}
      propertyPath: m_LocalRotation.z
      value: -0
      objectReference: {fileID: 0}
    - target: {fileID: 3687857949662995700, guid: 379b6736eb8538545b6b54aefa537b06,
        type: 3}
      propertyPath: m_LocalRotation.w
      value: -0.92669874
      objectReference: {fileID: 0}
    - target: {fileID: 3687857949662995700, guid: 379b6736eb8538545b6b54aefa537b06,
        type: 3}
      propertyPath: m_RootOrder
      value: 2
      objectReference: {fileID: 0}
    - target: {fileID: 3687857949662995700, guid: 379b6736eb8538545b6b54aefa537b06,
        type: 3}
      propertyPath: m_LocalEulerAnglesHint.x
      value: 0
      objectReference: {fileID: 0}
    - target: {fileID: 3687857949662995700, guid: 379b6736eb8538545b6b54aefa537b06,
        type: 3}
      propertyPath: m_LocalEulerAnglesHint.y
      value: -315.852
      objectReference: {fileID: 0}
    - target: {fileID: 3687857949662995700, guid: 379b6736eb8538545b6b54aefa537b06,
        type: 3}
      propertyPath: m_LocalEulerAnglesHint.z
      value: 0
      objectReference: {fileID: 0}
    - target: {fileID: 3687857949662995703, guid: 379b6736eb8538545b6b54aefa537b06,
        type: 3}
      propertyPath: m_Name
      value: tapis
      objectReference: {fileID: 0}
    m_RemovedComponents: []
  m_SourcePrefab: {fileID: 100100000, guid: 379b6736eb8538545b6b54aefa537b06, type: 3}
--- !u!4 &5476307513568050256 stripped
Transform:
  m_CorrespondingSourceObject: {fileID: 3687857949662995700, guid: 379b6736eb8538545b6b54aefa537b06,
    type: 3}
  m_PrefabInstance: {fileID: 8706064937728202916}
  m_PrefabAsset: {fileID: 0}
--- !u!1001 &8828503317501572897
PrefabInstance:
  m_ObjectHideFlags: 0
  serializedVersion: 2
  m_Modification:
    m_TransformParent: {fileID: 1118157327683596244}
    m_Modifications:
    - target: {fileID: 3565413116665453718, guid: 073b97f3cb46af249a57e8db3e126f3e,
        type: 3}
      propertyPath: m_Name
      value: TasLivres
      objectReference: {fileID: 0}
    - target: {fileID: 3565413116665453719, guid: 073b97f3cb46af249a57e8db3e126f3e,
        type: 3}
      propertyPath: m_LocalPosition.x
      value: -0.17023706
      objectReference: {fileID: 0}
    - target: {fileID: 3565413116665453719, guid: 073b97f3cb46af249a57e8db3e126f3e,
        type: 3}
      propertyPath: m_LocalPosition.y
      value: 0.037897587
      objectReference: {fileID: 0}
    - target: {fileID: 3565413116665453719, guid: 073b97f3cb46af249a57e8db3e126f3e,
        type: 3}
      propertyPath: m_LocalPosition.z
      value: -0.85809094
      objectReference: {fileID: 0}
    - target: {fileID: 3565413116665453719, guid: 073b97f3cb46af249a57e8db3e126f3e,
        type: 3}
      propertyPath: m_LocalRotation.x
      value: -0
      objectReference: {fileID: 0}
    - target: {fileID: 3565413116665453719, guid: 073b97f3cb46af249a57e8db3e126f3e,
        type: 3}
      propertyPath: m_LocalRotation.y
      value: -0
      objectReference: {fileID: 0}
    - target: {fileID: 3565413116665453719, guid: 073b97f3cb46af249a57e8db3e126f3e,
        type: 3}
      propertyPath: m_LocalRotation.z
      value: -0
      objectReference: {fileID: 0}
    - target: {fileID: 3565413116665453719, guid: 073b97f3cb46af249a57e8db3e126f3e,
        type: 3}
      propertyPath: m_LocalRotation.w
      value: 1
      objectReference: {fileID: 0}
    - target: {fileID: 3565413116665453719, guid: 073b97f3cb46af249a57e8db3e126f3e,
        type: 3}
      propertyPath: m_RootOrder
      value: 1
      objectReference: {fileID: 0}
    - target: {fileID: 3565413116665453719, guid: 073b97f3cb46af249a57e8db3e126f3e,
        type: 3}
      propertyPath: m_LocalEulerAnglesHint.x
      value: 0
      objectReference: {fileID: 0}
    - target: {fileID: 3565413116665453719, guid: 073b97f3cb46af249a57e8db3e126f3e,
        type: 3}
      propertyPath: m_LocalEulerAnglesHint.y
      value: 0
      objectReference: {fileID: 0}
    - target: {fileID: 3565413116665453719, guid: 073b97f3cb46af249a57e8db3e126f3e,
        type: 3}
      propertyPath: m_LocalEulerAnglesHint.z
      value: 0
      objectReference: {fileID: 0}
    m_RemovedComponents: []
  m_SourcePrefab: {fileID: 100100000, guid: 073b97f3cb46af249a57e8db3e126f3e, type: 3}
--- !u!4 &5476307513422195638 stripped
Transform:
  m_CorrespondingSourceObject: {fileID: 3565413116665453719, guid: 073b97f3cb46af249a57e8db3e126f3e,
    type: 3}
  m_PrefabInstance: {fileID: 8828503317501572897}
  m_PrefabAsset: {fileID: 0}
